 Dungeon Crawl Stone Soup version 0.31-a0-231-g51bb95cda3 (webtiles) character file.

Game seed: 11790194647721357762

56 qw the Shooter (level 3, -5/29 HPs)
             Began as a Minotaur Hexslinger on July 6, 2023.
             Slain by Terence
             ... wielding a +0 mace
              (8 damage)
             ... on level 2 of the Dungeon.
             The game lasted 00:00:25 (1086 turns).

qw the Shooter (Minotaur Hexslinger)                Turns: 1086, Time: 00:00:26

Health: -5/29      AC:  5    Str: 12    XL:     3   Next: 69%
Magic:  3/3        EV: 11    Int: 10    God:
Gold:   26         SH:  0    Dex: 14    Spells: 3/4 levels left

rFire   + . .        a - +1 sling of Ru's Approval {elec, rF+ rC+}
rCold   + . .        (no shield)
rNeg    . . .        h - +0 ring mail
rPois   .            (helmet restricted)
rElec   .            (no cloak)
rCorr   .            (no gloves)
SInv    .            (no boots)
Will    .....        f - amulet of faith
Stlth   +            (no ring)
HPRegen 0.24/turn    (no ring)
MPRegen 0.08/turn

%: faith
@: no status effects
A: horns 2, retaliatory headbutt
a: no special abilities


You were on level 2 of the Dungeon.
You visited 1 branch of the dungeon, and saw 2 of its levels.

You collected 26 gold pieces.


Innate Abilities, Weirdness & Mutations

You have a pair of horns on your head.
You reflexively headbutt those who attack you in melee.


   Skills:
 - Level 2.0 Fighting
 + Level 4.0 Ranged Weapons
 - Level 1.1 Armour
 - Level 2.1 Dodging
 - Level 1.0 Spellcasting
 - Level 2.0 Hexes


You had 3 spell levels left.
You knew the following spells:

 Your Spells              Type           Power      Damage    Failure   Level
a - Slow                  Hex            16%        N/A       34%         1

Your spell library contained the following spells:

 Spells                   Type           Power      Damage    Failure   Level
 Inner Flame              Hex/Fire       2%         N/A       83%         3
 Portal Projectile        Hex/Tloc       4%         N/A       83%         3
 Cause Fear               Hex            2%         N/A       98%         4

Inventory:

Hand Weapons
 a - the +1 sling of Ru's Approval (weapon) {elec, rF+ rC+}
   (You acquired it on level 1 of the Dungeon)

   rF:        It protects you from fire.
   rC:        It protects you from cold.
Armour
 h - a +0 ring mail (worn)
Jewellery
 e - a ring of ice
 f - an amulet of faith (around neck)
Potions
 g - a potion of curing {unknown}
 i - a potion of attraction {unknown}
 k - a potion of berserk rage {unknown}
 m - a potion of degeneration {unknown}

Dungeon Overview and Level Annotations

Branches:
Dungeon (2/15)

Altars:

Annotations:
D:2 Terence


Message History

Your Ranged Weapons skill increases to level 4!
A gnoll comes into view. It is wielding a +0 halberd.
The gnoll shouts!
Terence the Incautious comes into view.
He is wielding a +0 mace.
A gnoll comes into view. It is wielding a +0 whip.
You shoot a sling bullet.
The sling bullet closely misses the gnoll.
The sling bullet barely misses the gnoll.
You shoot a sling bullet. The sling bullet hits the gnoll.
The gnoll is heavily wounded.
The gnoll barely misses you.
You shoot a sling bullet.
The sling bullet hits the gnoll but does no damage.
The gnoll is heavily wounded.
Terence says, "How do you enjoy it?" The gnoll barely misses you.
You shoot a sling bullet. The sling bullet hits the gnoll.
The gnoll is moderately wounded.
The gnoll hits you from afar with a +0 halberd.
The gnoll closely misses you.
You shoot a sling bullet. The sling bullet hits the gnoll!
The gnoll is almost dead.
The gnoll barely misses you. x2; You furiously retaliate!
You headbutt the gnoll.
You kill the gnoll!
Terence hits you with a +0 mace!
A frilled lizard comes into view.
The gnoll hits you from afar with a +0 halberd.
Your Armour skill increases to level 1!
You shoot a sling bullet. The frilled lizard hisses angrily.
The sling bullet hits Terence.
Terence is lightly wounded.
Terence hits you with a +0 mace. The gnoll completely misses you.
You shoot a sling bullet. The sling bullet hits Terence.
Terence is lightly wounded.
Terence hits you with a +0 mace. The gnoll closely misses you.
You shoot a sling bullet. The sling bullet hits Terence.
Terence is moderately wounded.
Terence hits you with a +0 mace!
You die...

#............
#.!..........
.!........# ####
.........#.
.....#..........
....#..?.....# #
......@......##
#.. #g)@......#
#)...##.........#
#......<.........
#####.........$..
#..[.......#.
#....l.....#
#..........#
#...........
#..........#


You could see Terence, a gnoll and a frilled lizard.

Vanquished Creatures
  2 gnolls (D:2)
  A dart slug (D:1)
  A bat (D:1)
  4 endoplasms (D:1)
  8 jackals (D:1)
  2 kobolds (D:1)
  6 ball pythons (D:1)
  4 goblins (D:1)
  4 rats (D:1)
32 creatures vanquished.

Notes
Turn   | Place    | Note
-------+----------+-------------------------------------------
     0 | D:1      | qw the Minotaur Hexslinger began the quest for the Orb.
     0 | D:1      | Reached XP level 1. HP: 16/16 MP: 1/1
     0 | D:1      | 0 ||| qw: Version: 0.3-a-46-gb1f654a
     0 | D:1      | 0 ||| qw: Game counter: 1883
     0 | D:1      | 0 ||| qw: Melee chars always use a shield: true
     0 | D:1      | 0 ||| qw: God list: Okawaru
     0 | D:1      | 0 ||| qw: Allow faded altars: false
     0 | D:1      | 0 ||| qw: Do Orc after clearing Dungeon:15 true
     0 | D:1      | 0 ||| qw: Do second Lair branch before Depths: true
     0 | D:1      | 0 ||| qw: Lair rune preference: random
     0 | D:1      | 0 ||| qw: Goals: Normal
     0 | D:1      | 0 ||| PLANNING D:1-11
    27 | D:1      | 27 ||| FLEEEEING.
   141 | D:1      | Reached skill level 3 in Ranged Weapons
   145 | D:1      | Reached XP level 2. HP: 17/23 MP: 2/2
   412 | D:1      | Reached XP level 3. HP: 27/29 MP: 3/3
   882 | D:1      | 882 ||| UPGRADING to +0 ring mail.
   892 | D:1      | 892 ||| DROPPING +0 robe.
   893 | D:1      | 893 ||| UPGRADING to amulet of faith.
   898 | D:1      | 898 ||| READING scroll labelled TYTTEE REOWKYE.
   898 | D:1      | Identified a scroll of acquirement
   898 | D:1      | 898 ||| ACQUIRING +1 sling of Ru's Approval {elec, rF+ rC+}
   898 | D:1      | Acquired the +1 sling of Ru's Approval {elec, rF+ rC+}
   900 | D:1      | 900 ||| SWAPPING to +1 sling of Ru's Approval {elec, rF+
                  | rC+}.
   901 | D:1      | 901 ||| DROPPING +1 sling.
   902 | D:1      | 902 ||| READING scroll labelled GELAKO ZICAA.
   903 | D:1      | 903 ||| READING scroll labelled XERCHIFREOSO.
   904 | D:1      | 904 ||| READING scroll labelled JIDWEA GIAXIH.
  1005 | D:1      | 1005 ||| READING scroll labelled VIOVUOPIEZI.
  1006 | D:1      | 1006 ||| DRINKING 2 fizzy ruby potions.
  1048 | D:1      | 1048 ||| DROPPING scroll of poison.
  1049 | D:1      | 1049 ||| DROPPING potion of lignification.
  1077 | D:2      | Reached skill level 4 in Ranged Weapons
  1078 | D:2      | Noticed Terence
  1084 | D:2      | Reached skill level 1 in Armour
  1084 | D:2      | HP: 6/29 [Terence/+0 mace (6)]
  1086 | D:2      | Slain by Terence

Levels and vault maps discovered:
D:1:      dpeg_arrival_water_temple_mockup, layout_basic
D:2:      wander_river, layout_rooms, uniq_terence

Skill      XL: |  1  2  3 |
---------------+----------+-----
Ranged Weapons | 3 4 |  4.0
Fighting       | 2 |  2.0
Armour         | 1 |  1.1
Dodging        | |  2.1
Spellcasting   | |  1.0
Hexes          | |  2.0

Action                     || total
---------------------------++-------
   Fire: Sling             ||    71
    Use: Scroll            ||     5
         Potion            ||     1
 Armour: Robe              ||     3
  Dodge: Dodged            ||    24

Table legend:
 A = Non-vault XP
 B = Vault XP
 C = Vault XP percentage of total XP
 D = Non-vault monster count
 E = Vault monster count
 F = Vault count percentage of total count
                 A         B        C        D         E       F
            +---------+---------+-------+---------+---------+-------
      Total |      80 |       0 |   0.0 |      32 |       0 |   0.0
            +---------+---------+-------+---------+---------+-------
        D:1 |      52 |       0 |   0.0 |      30 |       0 |   0.0
        D:2 |      28 |       0 |   0.0 |       2 |       0 |   0.0
            +---------+---------+-------+---------+---------+-------
